Workbook

Sheet Introduction
B2: Arc Clubs Income & Expenditure Ledger Submit this document encompassing the start of T3 last year - the present day as part of your Club's re-affiliation application in T3. There is a General Ledger which will automatically populate the summary in the 'Income & Expenditure' sheet.

Sheet Income & Expenditure
B3: [CLUB NAME] Income & Expenditure Report
B4: Overview | Q4: YEAR: | R4: 2026
B5: Total Expenses | R5: ='General Ledger T3 2025-T3 2026'!C8 -> 0
B6: Total Income | R6: ='General Ledger T3 2025-T3 2026'!K8 -> 0
B7: Balance Total: | R7: =R6-R5 -> 0
B9: These tables will auto-fill when you complete Ledger sheets
B10: Summary - Expenses by Category
B11: Expense Category | C11: Amount
B12: Food/Non-Alcoholic Drinks | C12: =SUMIFS(Table3[Cost],Table3[Category],Table7[[#This Row],[Expense Category]]) -> 0
B13: Equipment | C13: =SUMIFS(Table3[Cost],Table3[Category],Table7[[#This Row],[Expense Category]]) -> 0
B14: Booking/Venue Hire | C14: =SUMIFS(Table3[Cost],Table3[Category],Table7[[#This Row],[Expense Category]]) -> 0
B15: Merchandise | C15: =SUMIFS(Table3[Cost],Table3[Category],Table7[[#This Row],[Expense Category]]) -> 0
B16: Administrative Costs | C16: =SUMIFS(Table3[Cost],Table3[Category],Table7[[#This Row],[Expense Category]]) -> 0
B17: Alcohol | C17: =SUMIFS(Table3[Cost],Table3[Category],Table7[[#This Row],[Expense Category]]) -> 0
B18: Other | C18: =SUMIFS(Table3[Cost],Table3[Category],Table7[[#This Row],[Expense Category]]) -> 0
B19: Total | C19: =SUBTOTAL(109,Table7[Amount]) -> 0
B22: Summary - Income by Category
B23: Income Category | C23: Amount
B24: Sales | C24: =SUMIFS(Table4[Amount],Table4[Category], Table17911[[#This Row],[Income Category]]) -> 0
B25: Merchandise | C25: =SUMIFS(Table4[Amount],Table4[Category], Table17911[[#This Row],[Income Category]]) -> 0
B26: Arc Grants | C26: =SUMIFS(Table4[Amount],Table4[Category], Table17911[[#This Row],[Income Category]]) -> 0
B27: Membership fees | C27: =SUMIFS(Table4[Amount],Table4[Category], Table17911[[#This Row],[Income Category]]) -> 0
B28: Sponsorship | C28: =SUMIFS(Table4[Amount],Table4[Category], Table17911[[#This Row],[Income Category]]) -> 0
B29: Other | C29: =SUMIFS(Table4[Amount],Table4[Category], Table17911[[#This Row],[Income Category]]) -> 0
B30: Total | C30: =SUBTOTAL(109,Table17911[Amount]) -> 0

Sheet General Ledger T3 2025-T3 2026
B3: General Ledger T3 2025 - T3 2026
B5: List individual expenses and income 'by receipt' from last year's AGM - this year's AGM, date should be as they would show on your bank statement. Paid by column is for your own reference, but optional
B6: EXPENSES | J6: INCOME
B8: Total Expenses | C8: =Table3[[#Totals],[Cost]] -> 0 | J8: Total Income | K8: =SUM(Table4[Amount]) -> 0
B9: Date | C9: Week | D9: Expense Title | E9: Description | F9: Paid by | G9: Cost | H9: Category | J9: Date | K9: Week | L9: Income Title | M9: Description | N9: Amount | O9: Category
C10: =IF(Table3[[#This Row],[Date]]="", "", LOOKUP(Table3[[#This Row],[Date]], 'Term Dates'!A2:A100, 'Term Dates'!B2:B100)) | K10: =IF(Table4[[#This Row],[Date]]="", "", LOOKUP(Table4[[#This Row],[Date]], 'Term Dates'!A2:A100, 'Term Dates'!B2:B100))
C11: =IF(Table3[[#This Row],[Date]]="", "", LOOKUP(Table3[[#This Row],[Date]], 'Term Dates'!A3:A101, 'Term Dates'!B3:B101)) | K11: =IF(Table4[[#This Row],[Date]]="", "", LOOKUP(Table4[[#This Row],[Date]], 'Term Dates'!A3:A101, 'Term Dates'!B3:B101))
C12: =IF(Table3[[#This Row],[Date]]="", "", LOOKUP(Table3[[#This Row],[Date]], 'Term Dates'!A4:A102, 'Term Dates'!B4:B102)) | K12: =IF(Table4[[#This Row],[Date]]="", "", LOOKUP(Table4[[#This Row],[Date]], 'Term Dates'!A4:A102, 'Term Dates'!B4:B102))
C13: =IF(Table3[[#This Row],[Date]]="", "", LOOKUP(Table3[[#This Row],[Date]], 'Term Dates'!A5:A103, 'Term Dates'!B5:B103)) | K13: =IF(Table4[[#This Row],[Date]]="", "", LOOKUP(Table4[[#This Row],[Date]], 'Term Dates'!A5:A103, 'Term Dates'!B5:B103))
C14: =IF(Table3[[#This Row],[Date]]="", "", LOOKUP(Table3[[#This Row],[Date]], 'Term Dates'!A6:A104, 'Term Dates'!B6:B104)) | K14: =IF(Table4[[#This Row],[Date]]="", "", LOOKUP(Table4[[#This Row],[Date]], 'Term Dates'!A6:A104, 'Term Dates'!B6:B104))
C15: =IF(Table3[[#This Row],[Date]]="", "", LOOKUP(Table3[[#This Row],[Date]], 'Term Dates'!A7:A105, 'Term Dates'!B7:B105)) | K15: =IF(Table4[[#This Row],[Date]]="", "", LOOKUP(Table4[[#This Row],[Date]], 'Term Dates'!A7:A105, 'Term Dates'!B7:B105))
C16: =IF(Table3[[#This Row],[Date]]="", "", LOOKUP(Table3[[#This Row],[Date]], 'Term Dates'!A8:A106, 'Term Dates'!B8:B106)) | K16: =IF(Table4[[#This Row],[Date]]="", "", LOOKUP(Table4[[#This Row],[Date]], 'Term Dates'!A8:A106, 'Term Dates'!B8:B106))
C17: =IF(Table3[[#This Row],[Date]]="", "", LOOKUP(Table3[[#This Row],[Date]], 'Term Dates'!A9:A107, 'Term Dates'!B9:B107)) | K17: =IF(Table4[[#This Row],[Date]]="", "", LOOKUP(Table4[[#This Row],[Date]], 'Term Dates'!A9:A107, 'Term Dates'!B9:B107))
C18: =IF(Table3[[#This Row],[Date]]="", "", LOOKUP(Table3[[#This Row],[Date]], 'Term Dates'!A10:A108, 'Term Dates'!B10:B108)) | K18: =IF(Table4[[#This Row],[Date]]="", "", LOOKUP(Table4[[#This Row],[Date]], 'Term Dates'!A10:A108, 'Term Dates'!B10:B108))
C19: =IF(Table3[[#This Row],[Date]]="", "", LOOKUP(Table3[[#This Row],[Date]], 'Term Dates'!A11:A109, 'Term Dates'!B11:B109)) | K19: =IF(Table4[[#This Row],[Date]]="", "", LOOKUP(Table4[[#This Row],[Date]], 'Term Dates'!A11:A109, 'Term Dates'!B11:B109))
C20: =IF(Table3[[#This Row],[Date]]="", "", LOOKUP(Table3[[#This Row],[Date]], 'Term Dates'!A12:A110, 'Term Dates'!B12:B110)) | K20: =IF(Table4[[#This Row],[Date]]="", "", LOOKUP(Table4[[#This Row],[Date]], 'Term Dates'!A12:A110, 'Term Dates'!B12:B110))
C21: =IF(Table3[[#This Row],[Date]]="", "", LOOKUP(Table3[[#This Row],[Date]], 'Term Dates'!A13:A111, 'Term Dates'!B13:B111)) | K21: =IF(Table4[[#This Row],[Date]]="", "", LOOKUP(Table4[[#This Row],[Date]], 'Term Dates'!A13:A111, 'Term Dates'!B13:B111))
... C57: =IF(Table3[[#This Row],[Date]]="", "", LOOKUP(Table3[[#This Row],[Date]], 'Term Dates'!A49:A147, 'Term Dates'!B49:B147)) | K57: =IF(Table4[[#This Row],[Date]]="", "", LOOKUP(Table4[[#This Row],[Date]], 'Term Dates'!A49:A147, 'Term Dates'!B49:B147))
C58: =IF(Table3[[#This Row],[Date]]="", "", LOOKUP(Table3[[#This Row],[Date]], 'Term Dates'!A50:A148, 'Term Dates'!B50:B148)) | K58: =IF(Table4[[#This Row],[Date]]="", "", LOOKUP(Table4[[#This Row],[Date]], 'Term Dates'!A50:A148, 'Term Dates'!B50:B148)) | P58: < | Q58: Drag table corner to increase/decrease size
G59: =SUBTOTAL(109,Table3[Cost]) -> 0 | J59: Total | N59: =SUBTOTAL(109,Table4[Amount]) -> 0

Sheet Term Dates
A1: Week Start Date | B1: Week Number
A2: 45698 | B2: T1 O-Week
A3: 45705 | B3: T1 Week 1
A4: 45712 | B4: T1 Week 2
A5: 45719 | B5: T1 Week 3
A6: 45726 | B6: T1 Week 4
A7: 45733 | B7: T1 Week 5
A8: 45740 | B8: T1 Week 6
A9: 45747 | B9: T1 Week 7
A10: 45754 | B10: T1 Week 8
A11: 45761 | B11: T1 Week 9
A12: 45768 | B12: T1 Week 10
A13: 45775 | B13: T1 Study/Exam Period
... A79: 46370 | B79: Summer Holidays
